[ AOE2 MATCH · #504702605 ]
UnrankedBohemians vs Byzantines
Player's team · WIN
[ REPLAY ANALYSIS · EXTRACTED FROM THE RECORDED GAME ]
Feudal
11:50
Castle
16:37
Imperial
—
| APM avg | 59.5 |
| APM peak | 82 |
| eAPM avg | 26.6 |
| Villagers / military | 61 / 29 |
Focus
⚔️ 24.4% · 🌾 75.6%
Hussite Wagon ×14 · Monk ×10 · Mangonel ×3 · Battering Ram ×2
Feudal
10:31
Castle
14:07
Imperial
—
| APM avg | 66.2 |
| APM peak | 136 |
| eAPM avg | 29.8 |
| Villagers / military | 77 / 30 |
Focus
⚔️ 37.0% · 🌾 63.0%
Petard ×5 · Mangonel ×5 · Spearman ×5 · Cataphract ×5 · Skirmisher ×5 · Scout Cavalry ×3
Match map
Initial resources + every placement click. Lines = walls · curves = elevation contours. ◆ gold · ⬟ stone · ● berries · ✦ relic · ◌ wall gap
Your base· Open — unwalled flank
Overcat's base· Open — 13t gap
Smoothed initial terrain · ◌ = detected wall gap · hover for details
Inputs per minute
— Dawn_BH - - Overcat
Build order — Dawn_BH
First 150 of 165 actions detected
| 0:09 | Build | Town Center |
| 0:45 | Build | Lumber Camp |
| 0:49 | Build | House |
| 0:53 | Build | House |
| 1:34 | Queue | Villager (Male) |
| 1:35 | Queue | Villager (Male) |
| 1:51 | Queue | Villager (Male) |
| 1:57 | Build | House |
| 2:04 | Queue | Villager (Male) |
| 2:33 | Build | House |
| 3:25 | Research | Loom |
| 3:33 | Queue | Villager (Male) |
| 3:33 | Queue | Villager (Male) |
| 3:48 | Build | House |
| 3:59 | Queue | Villager (Male) |
| 4:11 | Queue | Villager (Male) |
| 4:26 | Queue | Villager (Male) |
| 4:59 | Build | House |
| 5:06 | Queue | Villager (Male) |
| 5:13 | Queue | Villager (Male) |
| 5:34 | Build | House |
| 5:38 | Queue | Villager (Male) |
| 5:57 | Queue | Villager (Male) |
| 6:20 | Queue | Villager (Male) |
| 6:28 | Build | Mining Camp |
| 6:34 | Queue | Villager (Male) |
| 6:40 | Queue | Villager (Male) |
| 7:06 | Queue | Villager (Male) |
| 7:40 | Queue | Villager (Male) |
| 7:57 | Queue | Villager (Male) |
| 8:34 | Queue | Villager (Male) |
| 8:44 | Queue | Villager (Male) |
| 9:19 | Queue | Villager (Male) |
| 9:23 | Build | House |
| 9:35 | Queue | Villager (Male) |
| 9:39 | Research | Feudal Age |
| 10:39 | Build | Palisade Wall |
| 10:41 | Build | House |
| 10:43 | Build | Palisade Wall |
| 11:11 | Queue | Villager (Male) |
| 11:22 | Queue | Villager (Male) |
| 11:25 | Build | Palisade Wall |
| 11:39 | Build | Palisade Wall |
| 11:50 | Age | Feudal Age |
| 12:00 | Build | Mill |
| 12:03 | Build | Blacksmith |
| 12:20 | Build | Mill |
| 12:41 | Build | House |
| 12:44 | Build | Palisade Wall |
| 12:45 | Build | Palisade Wall |
| 13:01 | Queue | Villager (Male) |
| 13:13 | Build | Market |
| 13:19 | Build | House |
| 13:22 | Build | Palisade Wall |
| 13:24 | Build | Palisade Wall |
| 13:27 | Build | Palisade Wall |
| 13:32 | Queue | Villager (Male) |
| 13:46 | Research | Castle Age |
| 14:02 | Research | Double-Bit Axe |
| 15:43 | Build | House |
| 16:15 | Queue | Villager (Male) |
| 16:37 | Age | Castle Age |
| 16:41 | Build | Castle |
| 16:47 | Build | Monastery |
| 16:51 | Build | Monastery |
| 17:14 | Queue | Villager (Male) |
| 17:14 | Queue | Villager (Male) |
| 17:15 | Queue | Villager (Male) |
| 17:22 | Build | University |
| 17:24 | Queue | Villager (Male) |
| 17:33 | Queue | Monk |
| 17:43 | Research | Fervor |
| 17:57 | Build | Mining Camp |
| 18:00 | Queue | Hussite Wagon |
| 18:18 | Queue | Villager (Male) |
| 18:33 | Queue | Villager (Male) |
| 18:39 | Queue | Hussite Wagon |
| 18:39 | Queue | Hussite Wagon |
| 18:49 | Build | House |
| 18:50 | Build | House |
| 19:03 | Build | Monastery |
| 19:05 | Queue | Villager (Male) |
| 19:12 | Build | Palisade Wall |
| 19:14 | Queue | Villager (Male) |
| 19:17 | Queue | Hussite Wagon |
| 19:24 | Build | Lumber Camp |
| 19:35 | Queue | Villager (Male) |
| 19:39 | Research | Sanctity |
| 19:49 | Queue | Monk |
| 19:58 | Build | House |
| 20:06 | Build | Outpost |
| 20:11 | Queue | Hussite Wagon |
| 20:22 | Queue | Villager (Male) |
| 20:25 | Build | Monastery |
| 20:39 | Queue | Villager (Male) |
| 20:42 | Build | Monastery |
| 20:50 | Build | Outpost |
| 20:53 | Queue | Villager (Male) |
| 20:58 | Queue | Villager (Male) |
| 21:00 | Research | Redemption |
| 21:10 | Build | Town Center |
| 22:17 | Build | House |
| 22:22 | Research | Sanctity |
| 22:45 | Build | House |
| 22:52 | Research | Atonement |
| 22:52 | Research | Atonement |
| 22:56 | Queue | Villager (Male) |
| 23:07 | Queue | Monk |
| 23:08 | Queue | Monk |
| 23:15 | Build | Monastery |
| 23:26 | Queue | Villager (Male) |
| 23:26 | Queue | Villager (Male) |
| 23:34 | Queue | Villager (Male) |
| 23:43 | Research | Devotion |
| 24:05 | Queue | Monk |
| 24:07 | Build | Outpost |
| 24:10 | Build | Outpost |
| 24:20 | Queue | Hussite Wagon |
| 24:20 | Queue | Hussite Wagon |
| 24:23 | Build | Mill |
| 24:31 | Queue | Villager (Male) |
| 24:45 | Queue | Villager (Male) |
| 24:49 | Queue | Villager (Male) |
| 24:53 | Build | Outpost |
| 25:07 | Build | Outpost |
| 25:18 | Queue | Monk |
| 25:28 | Build | House |
| 25:59 | Build | Siege Workshop |
| 26:12 | Queue | Villager (Male) |
| 26:14 | Queue | Monk |
| 26:15 | Queue | Villager (Male) |
| 26:18 | Queue | Hussite Wagon |
| 26:19 | Queue | Hussite Wagon |
| 26:20 | Queue | Hussite Wagon |
| 26:35 | Queue | Battering Ram |
| 26:42 | Build | Monastery |
| 26:43 | Build | Stone Wall |
| 26:58 | Queue | Villager (Male) |
| 27:06 | Queue | Villager (Male) |
| 27:13 | Queue | Hussite Wagon |
| 27:14 | Queue | Monk |
| 27:17 | Build | Mining Camp |
| 27:18 | Queue | Villager (Male) |
| 27:22 | Queue | Villager (Male) |
| 27:29 | Queue | Battering Ram |
| 27:41 | Queue | Mangonel |
| 27:53 | Queue | Villager (Male) |
| 28:03 | Build | Outpost |
| 28:18 | Queue | Villager (Male) |
| 28:46 | Queue | Villager (Male) |
Build order — Overcat
First 150 of 165 actions detected
| 0:33 | Build | Town Center |
| 1:32 | Build | House |
| 1:35 | Build | House |
| 2:00 | Queue | Villager (Male) |
| 2:00 | Queue | Villager (Male) |
| 2:03 | Queue | Villager (Male) |
| 2:06 | Research | Loom |
| 2:11 | Queue | Villager (Male) |
| 2:14 | Queue | Villager (Male) |
| 2:18 | Queue | Villager (Male) |
| 2:19 | Queue | Villager (Male) |
| 3:24 | Build | House |
| 3:41 | Queue | Villager (Male) |
| 4:03 | Queue | Villager (Male) |
| 4:04 | Queue | Villager (Male) |
| 4:05 | Queue | Villager (Male) |
| 4:05 | Queue | Villager (Male) |
| 4:05 | Queue | Villager (Male) |
| 4:43 | Build | House |
| 4:45 | Queue | Villager (Male) |
| 4:59 | Queue | Villager (Male) |
| 5:07 | Build | House |
| 5:18 | Queue | Villager (Male) |
| 6:25 | Build | Lumber Camp |
| 6:38 | Queue | Villager (Male) |
| 7:19 | Queue | Villager (Male) |
| 7:33 | Queue | Villager (Male) |
| 7:43 | Build | Mill |
| 7:49 | Queue | Villager (Male) |
| 8:04 | Research | Feudal Age |
| 9:09 | Build | Barracks |
| 10:31 | Age | Feudal Age |
| 10:33 | Build | Market |
| 10:38 | Build | Archery Range |
| 10:45 | Queue | Villager (Male) |
| 11:00 | Queue | Villager (Male) |
| 11:06 | Queue | Spearman |
| 11:12 | Queue | Spearman |
| 11:27 | Research | Castle Age |
| 11:30 | Queue | Skirmisher |
| 11:31 | Queue | Skirmisher |
| 11:37 | Build | House |
| 11:49 | Queue | Skirmisher |
| 11:49 | Queue | Skirmisher |
| 11:54 | Queue | Spearman |
| 11:54 | Queue | Spearman |
| 12:02 | Build | House |
| 12:18 | Queue | Spearman |
| 12:23 | Queue | Villager (Male) |
| 12:32 | Queue | Skirmisher |
| 13:19 | Queue | Villager (Male) |
| 13:56 | Queue | Villager (Male) |
| 14:07 | Age | Castle Age |
| 14:18 | Build | Castle |
| 14:20 | Queue | Villager (Male) |
| 14:27 | Build | Mining Camp |
| 14:43 | Build | Monastery |
| 14:52 | Queue | Villager (Male) |
| 14:55 | Build | Blacksmith |
| 15:22 | Queue | Villager (Male) |
| 15:46 | Queue | Cataphract |
| 15:46 | Queue | Cataphract |
| 16:00 | Queue | Villager (Male) |
| 16:25 | Build | Siege Workshop |
| 16:26 | Queue | Villager (Male) |
| 16:51 | Queue | Villager (Male) |
| 16:53 | Queue | Cataphract |
| 17:08 | Queue | Villager (Male) |
| 17:18 | Queue | Mangonel |
| 17:18 | Queue | Mangonel |
| 17:19 | Queue | Villager (Male) |
| 17:20 | Queue | Villager (Male) |
| 17:43 | Queue | Villager (Male) |
| 17:43 | Queue | Villager (Male) |
| 18:04 | Research | Double-Bit Axe |
| 18:12 | Queue | Petard |
| 18:12 | Queue | Petard |
| 18:23 | Build | Monastery |
| 18:49 | Queue | Mangonel |
| 19:15 | Queue | Villager (Male) |
| 19:32 | Queue | Petard |
| 19:33 | Queue | Petard |
| 19:45 | Queue | Villager (Male) |
| 19:49 | Queue | Petard |
| 19:49 | Queue | Villager (Male) |
| 19:53 | Build | Farm |
| 19:53 | Build | Farm |
| 19:53 | Build | Farm |
| 19:53 | Build | Farm |
| 19:56 | Queue | Mangonel |
| 20:36 | Queue | Cataphract |
| 20:55 | Queue | Cataphract |
| 20:58 | Queue | Villager (Male) |
| 21:06 | Build | Farm |
| 21:06 | Build | Farm |
| 21:07 | Build | Farm |
| 21:08 | Queue | Villager (Male) |
| 21:24 | Queue | Monk |
| 21:32 | Queue | Villager (Male) |
| 21:48 | Queue | Villager (Male) |
| 22:11 | Queue | Villager (Male) |
| 22:25 | Build | Farm |
| 22:25 | Build | Farm |
| 22:25 | Build | Farm |
| 22:45 | Queue | Monk |
| 22:57 | Build | Town Center |
| 22:58 | Queue | Villager (Male) |
| 23:29 | Queue | Villager (Male) |
| 23:33 | Queue | Mangonel |
| 23:39 | Queue | Villager (Male) |
| 23:51 | Build | Farm |
| 23:52 | Build | Farm |
| 23:52 | Build | Farm |
| 23:56 | Queue | Villager (Male) |
| 23:57 | Queue | Villager (Male) |
| 24:23 | Queue | Villager (Male) |
| 24:31 | Queue | Villager (Male) |
| 24:46 | Queue | Villager (Male) |
| 24:56 | Queue | Villager (Male) |
| 25:06 | Queue | Villager (Male) |
| 25:06 | Queue | Villager (Male) |
| 25:23 | Build | Stable |
| 25:24 | Queue | Villager (Male) |
| 25:32 | Build | Palisade Wall |
| 25:35 | Queue | Villager (Male) |
| 25:53 | Research | Forging |
| 25:54 | Research | Forging |
| 26:00 | Build | Lumber Camp |
| 26:05 | Queue | Villager (Male) |
| 26:18 | Build | House |
| 26:21 | Queue | Villager (Male) |
| 26:41 | Build | House |
| 26:53 | Build | Watch Tower |
| 27:01 | Queue | Villager (Male) |
| 27:06 | Build | Farm |
| 27:06 | Build | Farm |
| 27:06 | Build | Farm |
| 27:06 | Build | Farm |
| 27:22 | Queue | Villager (Male) |
| 27:40 | Queue | Scout Cavalry |
| 27:41 | Queue | Scout Cavalry |
| 27:41 | Queue | Scout Cavalry |
| 27:49 | Build | Watch Tower |
| 27:52 | Queue | Villager (Male) |
| 27:52 | Queue | Villager (Male) |
| 28:02 | Queue | Villager (Male) |
| 28:11 | Queue | Villager (Male) |
| 28:27 | Queue | Villager (Male) |
| 28:37 | Queue | Villager (Male) |
| 28:53 | Queue | Villager (Male) |
Match timeline
| 9:09 | Overcat · first_building Barracks |
| 10:31 | Overcat · age_up feudal |
| 10:38 | Overcat · first_building Archery Range |
| 10:39 | Dawn_BH · wall_segment Palisade Wall x1 |
| 10:43 | Dawn_BH · wall_segment Palisade Wall x1 |
| 11:25 | Dawn_BH · wall_segment Palisade Wall x1 |
| 11:26 | Overcat · first_market_sell 100 stone |
| 11:39 | Dawn_BH · wall_segment Palisade Wall x2 |
| 11:50 | Dawn_BH · age_up feudal |
| 12:44 | Dawn_BH · wall_segment Palisade Wall x1 |
| 12:45 | Dawn_BH · wall_segment Palisade Wall x1 |
| 13:22 | Dawn_BH · wall_segment Palisade Wall x3 |
| 13:24 | Dawn_BH · wall_segment Palisade Wall x4 |
| 13:27 | Dawn_BH · wall_segment Palisade Wall x2 |
| 14:07 | Overcat · age_up castle |
| 14:18 | Overcat · first_building Castle |
| 14:43 | Overcat · first_building Monastery |
| 16:25 | Overcat · first_building Siege Workshop |
| 16:37 | Dawn_BH · age_up castle |
| 16:41 | Dawn_BH · first_building Castle |
| 16:47 | Dawn_BH · first_building Monastery |
| 17:41 | Dawn_BH · first_market_sell 100 wood |
| 19:12 | Dawn_BH · wall_segment Palisade Wall x1 |
| 19:31 | Overcat · first_market_buy 100 food |
| 25:23 | Overcat · first_building Stable |
| 25:32 | Overcat · wall_segment Palisade Wall x1 |
| 25:59 | Dawn_BH · first_building Siege Workshop |
| 26:43 | Dawn_BH · wall_segment Stone Wall x1 |
| 32:02 | Overcat · resign |
[ AI ANALYSIS · 1 CREDIT ]
What really happened in this match?
Wolo.gg analyzes every decision: build order, eco, micro, common mistakes by bracket. Personalized analysis on WhatsApp or Discord in 30 seconds.
Civ guide
Bohemians
Perfil
Dawn_BH